 Dungeon Crawl Stone Soup version 0.30-b1-2-g02819fbbbe (webtiles) character file.

Game seed: 10524824883784123507

11487 funkygono the Cleaver (level 11, -1/101 HPs)
             Began as a Minotaur Fighter on May 24, 2023.
             Was a High Priest of Okawaru.
             Slain by an ufetubus (3 damage)
             ... on level 1 of the Abyss.
             The game lasted 00:14:20 (11313 turns).

funkygono the Cleaver (Minotaur Fighter)           Turns: 11313, Time: 00:14:21

Health: -1/101     AC: 22    Str: 38    XL:     11   Next: 50%
Magic:  5/10       EV:  9    Int:  5    God:    Okawaru [*****.]
Gold:   541        SH:  5    Dex:  9    Spells: 10/10 levels left

rFire   . . .        a - +0 war axe
rCold   . . .        c - +0 buckler
rNeg    . . .        j - +0 plate armour
rPois   .            A - +0 hat {Will+}
rElec   .            r - +2 cloak
rCorr   .            J - +0 pair of gloves
SInv    .            y - +1 pair of boots
Will    +....        (no amulet) Stlth
                     w - +6 ring of strength
HPRegen 0.00/turn    x - +6 ring of strength
MPRegen 0.12/turn

%: no passive effects
@: inhibited regen
A: horns 2, retaliatory headbutt, [inhibited regeneration]
a: Renounce Religion, Heroism, Finesse, Duel


You were on level 1 of the Abyss.
You worshipped Okawaru.
Okawaru was extremely pleased with you.
You visited 2 branches of the dungeon, and saw 12 of its levels.
You visited the Abyss 1 time.

You collected 541 gold pieces.

Inventory:

Hand Weapons
 a - a +0 war axe (weapon)
 n - a +0 whip
 o - a +0 club
 p - a +0 club
Missiles
 b - 102 stones
 l - 12 boomerangs (quivered)
Armour
 c - a +0 buckler (worn)
 j - a +0 plate armour (worn)
 m - the +0 chain mail of Inquiry {Str+3 Int+5}
   (Okawaru gifted it to you on level 10 of the Dungeon)

   Str:       It affects your strength (+3).
   Int:       It affects your intelligence (+5).
 r - a +2 cloak (worn)
 y - a +1 pair of boots (worn)
 A - a +0 hat of willpower (worn)
 J - a +0 pair of gloves (worn)
Jewellery
 e - a ring of wizardry
 g - a ring of fire
 w - a +6 ring of strength (left hand)
 x - a +6 ring of strength (right hand)
 G - a ring of see invisible
 H - a ring of positive energy
 I - a ring of wizardry
Wands
 k - a wand of quicksilver (14)
 B - a wand of flame (44)
 C - a wand of iceblast (18)
 D - a wand of charming (7)
Scrolls
 h - 3 scrolls of teleportation
 q - 2 scrolls of poison
 s - 3 scrolls of blinking
 K - a scroll of magic mapping
Potions
 d - 4 potions of might
 f - 4 potions of magic
 i - 3 potions of mutation
 t - 4 potions of curing
 u - a potion of berserk rage
 v - a potion of lignification
 z - a potion of brilliance
 E - a potion of resistance
 F - a potion of attraction


   Skills:
 + Level 10.5 Fighting
 + Level 14.1 Axes
 + Level 1.8 Throwing
 + Level 11.7 Armour
 + Level 3.2 Dodging
 + Level 2.1 Stealth
 + Level 7.0 Shields


You had 10 spell levels left.
You didn't know any spells.
Your spell library contained the following spells:

 Spells                   Type           Power      Damage    Failure   Level
 Cigotuvi's Dreadful Rot  Necr/Pois/Air  0%         N/A       99%         2
 Sublimation of Blood     Necr           0%         N/A       99%         2
 Dispel Undead            Necr           0%         3d6       100%        4
 Petrify                  Tmut/Erth      0%         N/A       100%        4
 Blade Hands              Tmut           0%         N/A       100%        5
 Irradiate                Conj/Tmut      0%         3d11      100%        5
 Iron Shot                Conj/Erth      0%         9d1       100%        6
 Animate Armour           Summ/Erth      Unusable   N/A       N/A         4
 Death Channel            Necr           Unusable   N/A       N/A         6

Dungeon Overview and Level Annotations

Branches:
Dungeon (11/15)            Temple (1/1) D:4
   Lair: D:8-11         Orc: D:9-12

Altars:
Ashenzari
Cheibriados
Dithmenos
Elyvilon
Gozag
Hepliaklqana
Kikubaaqudgha
Makhleb
Nemelex Xobeh
Okawaru
Qazlal
Ru
Sif Muna
Trog
Vehumet
Wu Jian
Xom
Yredelemnul
Zin
The Shining One

Annotations:
D:11 Sonja


Innate Abilities, Weirdness & Mutations

You have a pair of horns on your head.
You reflexively headbutt those who attack you in melee.
[You do not regenerate when monsters are visible.]


Message History

You hit the wretched star.
The wretched star is lightly damaged.
You slash the wretched star!
The wretched star is moderately damaged.
The wretched star glows turbulently.
The lance of force misses you.
Unknown command.
You slash the wretched star! Your headbutt misses the wretched star.
The wretched star is heavily damaged.
You block the ufetubus's attack.
The ufetubus hits you but does no damage.
You hit the wretched star.
The wretched star is heavily damaged.
You closely miss the ufetubus. The ufetubus barely misses you.
The ufetubus hits you but does no damage.
Unknown command.
You hit the wretched star but do no damage.
You headbutt the wretched star.
The wretched star is severely damaged.
You closely miss the ufetubus.
The ufetubus hits you but does no damage. x2
The wretched star glows turbulently.
The lance of force hits you!
* * * LOW HITPOINT WARNING * * *
You are knocked back by the lance of force.
You slam into the crystal wall!
* * * LOW HITPOINT WARNING * * *
You slice the wretched star!!
You destroy the wretched star!
Okawaru accepts your kill.
You closely miss the ufetubus. The ufetubus completely misses you.
The ufetubus misses you.
Your Shields skill increases to level 7!
Unknown command.
The ufetubus attacks as you move away!
The ufetubus hits you but does no damage. x3
The ufetubus barely misses you.
You closely miss the ufetubus. Your headbutt misses the ufetubus.
The ufetubus hits you.
You die...

# # .#. .#....
#. .)###....# .
# # _.#.. # ## #
##...# . ##.# #
. #.## # .
##.##.## .#
#.#.#5#....# ..
#....@...#. #
#..#.........#
#.....##....##.#
. #.##.. #.##...
. ##. ..# ###.#
.. ... . # . .##
#.


You could see an ufetubus.

Vanquished Creatures
  Gastronok (D:9)
  A lorocyproca (Abyss:1)
  A two-headed ogre (D:10)
  A wretched star (Abyss:1)
  Pikel (D:7)
  3 kobold demonologists (D:9)
  2 hornets
  A large abomination (Abyss:1)
  A wraith (D:10)
  2 wyverns
  11 yaks
  4 vampire mosquitoes (D:9)
  A steam dragon (D:9)
  3 acid dragons
  A water moccasin (D:7)
  3 orc warriors
  3 black bears
  A sky beast (D:8)
  4 centaurs
  A lemure (D:7)
  A phantom (D:4)
  A kobold brigand (D:9)
  4 bullfrogs
  A gnoll sergeant (D:8)
  A scorpion (D:7)
  14 wights
  2 howler monkeys
  2 hounds
  3 jellies
  6 orc priests
  Crazy Yiuf (D:7)
  An iguana (D:5)
  Terence (D:3)
  6 orc wizards
  A sleepcap (D:6)
  14 gnolls
  4 adders
  4 white imps
  An ufetubus (D:5)
  A worm (D:4)
  A dart slug (D:4)
  24 orcs
  5 ball pythons
  4 bats (D:2)
  4 endoplasms
  2 giant cockroaches
  3 goblins
  9 hobgoblins
  14 kobolds
  4 quokkas
  2 frilled lizards
  5 rats
192 creatures vanquished.

Vanquished Creatures (others)
  A draconian stormcaller (Abyss:1)
1 creature vanquished.

Grand Total: 193 creatures vanquished

Notes
Turn   | Place    | Note
-------+----------+-------------------------------------------
     0 | D:1      | funkygono the Minotaur Fighter began the quest for the Orb.
     0 | D:1      | Reached XP level 1. HP: 19/19 MP: 0/0
   111 | D:1      | Found a faded altar of an unknown god.
   231 | D:1      | Reached XP level 2. HP: 25/27 MP: 1/1
  1061 | D:2      | Reached skill level 3 in Axes
  1114 | D:2      | Reached XP level 3. HP: 33/33 MP: 2/2
  2136 | D:3      | Reached XP level 4. HP: 40/40 MP: 3/3
  2255 | D:3      | Found a shimmering altar of Xom.
  2328 | D:3      | Reached skill level 4 in Axes
  2389 | D:3      | Noticed Terence
  2397 | D:3      | Killed Terence
  2519 | D:3      | Found a glowing silver altar of Zin.
  2887 | D:4      | Noticed a bullfrog
  2897 | D:4      | Reached XP level 5. HP: 34/47 MP: 4/4
  2905 | D:4      | Reached skill level 1 in Throwing
  3146 | D:4      | Reached skill level 5 in Axes
  3158 | D:4      | Reached XP level 6. HP: 6/55 MP: 5/5
  3644 | D:4      | Found an ancient bone altar of Kikubaaqudgha.
  3644 | D:4      | Found an ornate altar of the Wu Jian Council.
  3800 | D:4      | Found a staircase to the Ecumenical Temple.
  3815 | D:4      | Reached skill level 5 in Fighting
  3815 | D:4      | Reached skill level 5 in Armour
  3818 | Temple   | Entered the Ecumenical Temple
  4063 | D:5      | Entered Level 5 of the Dungeon
  4125 | D:5      | Identified the +7 spear "Ikhleq" {protect, rPois Str+5}
  4462 | D:5      | Reached skill level 6 in Axes
  4462 | D:5      | Reached XP level 7. HP: 57/61 MP: 6/6
  5118 | D:6      | Reached skill level 1 in Dodging
  5171 | D:6      | Reached skill level 7 in Axes
  5291 | D:6      | Reached XP level 8. HP: 18/70 MP: 7/7
  5714 | D:6      | Found an iron altar of Okawaru.
  5724 | D:6      | Became a worshipper of Warmaster Okawaru
  6104 | D:7      | Reached skill level 1 in Stealth
  6224 | D:7      | Reached skill level 8 in Axes
  6224 | D:7      | Reached skill level 5 in Shields
  6405 | D:7      | Reached * piety under Okawaru
  6526 | D:7      | Found a runed translucent door.
  6527 | D:7      | Noticed Crazy Yiuf
  6703 | D:7      | Noticed a hornet
  6708 | D:7      | Killed a hornet
  6709 | D:7      | Reached skill level 9 in Axes
  6761 | D:7      | Reached XP level 9. HP: 50/78 MP: 8/8
  7045 | D:7      | Killed Crazy Yiuf
  7134 | D:8      | Found a bloodstained altar of Trog.
  7166 | D:8      | Reached ** piety under Okawaru
  7298 | D:8      | Found a snail-covered altar of Cheibriados.
  7298 | D:8      | Found a hazy altar of Hepliaklqana.
  7440 | D:8      | Reached skill level 10 in Axes
  7552 | D:8      | Noticed Pikel
  7694 | D:7      | Killed Pikel
  7813 | D:8      | Found a sacrificial altar of Ru.
  8062 | D:9      | Reached skill level 11 in Axes
  8076 | D:9      | Reached *** piety under Okawaru
  8082 | D:9      | HP: 4/81 [vampire mosquito (5)]
  8341 | D:9      | Reached XP level 10. HP: 88/88 MP: 9/9
  8399 | D:9      | Noticed a soul eater
  8399 | D:9      | Noticed a sun demon
  8400 | D:9      | Reached skill level 10 in Armour
  8408 | D:9      | Reached **** piety under Okawaru
  8843 | D:9      | Reached skill level 12 in Axes
  9231 | D:9      | Found a white marble altar of Elyvilon.
  9361 | D:9      | Noticed Gastronok
  9375 | D:9      | Killed Gastronok
  9375 | D:9      | Reached ***** piety under Okawaru
  9376 | D:9      | Reached skill level 13 in Axes
  9445 | D:9      | Found a burning altar of Makhleb.
  9636 | D:10     | Entered Level 10 of the Dungeon
  9636 | D:10     | Noticed a two-headed ogre
  9644 | D:10     | Killed a two-headed ogre
  9645 | D:10     | Reached XP level 11. HP: 50/97 MP: 10/10
 10004 | D:10     | Identified the +0 chain mail of Inquiry {Str+3 Int+5}
                  | (Okawaru gifted it to you on level 10 of the Dungeon)
 10004 | D:10     | Received a gift from Okawaru
 10561 | D:10     | Found a sparkling altar of Nemelex Xobeh.
 10694 | D:11     | Noticed Sonja
 10707 | D:11     | HP: 4/99 [disintegration (21)]
 10716 | D:10     | Reached skill level 10 in Fighting
 10970 | Abyss:1  | Cast into level 1 of the Abyss (Sonja)
 11204 | Abyss:1  | Found a corrupted altar of Lugonu.
 11206 | Abyss:1  | Noticed a white draconian stormcaller
 11207 | Abyss:1  | Noticed a lindwurm
 11225 | Abyss:1  | Killed a white draconian stormcaller
 11269 | Abyss:1  | Killed a lorocyproca
 11270 | Abyss:1  | Reached skill level 14 in Axes
 11301 | Abyss:1  | Noticed a wretched star
 11310 | Abyss:1  | HP: 1/101 [crystal wall collision (13)]
 11311 | Abyss:1  | Killed a wretched star
 11313 | Abyss:1  | Slain by an ufetubus

Illustrated notes

Levels and vault maps discovered:
D:1:      minmay_arrival_doors, layout_basic, ebering_ecumenical_altar_box
D:2:      layout_basic, st_stairs_7, reono_crystal_passage
D:3:      layout_basic, marbit_many_paths, overflow_temple_1_default,
          serial_curves, eino_curves_03, eino_curves_03, uniq_terence
D:4:      layout_loops_ring, gammafunk_temple_overflow_elements,
          minmay_temple_entry_hall, chequers_serial_rivers_micro_d
D:5:      layout_loops_ring
D:6:      layout_rooms, okawaru_altar_gauntlet_db
D:7:      layout_loops_ring, nicolae_wand_duel, nrook_pool_corridor,
          palyth_stone_intersect, uniq_crazy_yiuf_cottage
D:8:      layout_cave_pools, mainiacjoe_overflow_paths,
          overflow_temple_1_default, nicolae_overflow_hidden_temple, uniq_pikel
D:9:      layout_irregular_city, lemuel_doored_altar, kennysheep_little_box,
          uniq_gastronok
D:10:     statuecave_lemuel, layout_cave_pods, nemelex_xobeh_ov_fountains_minmay
D:11:     layout_irregular_city, lair_entry_dummy, nicolae_trove_entry_crystal,
          serial_shops, shop, uniq_sonja
Temple:   nicolae_temple_superstar
Abyss:1:  base:
D:8

Skill      XL: |  1  2  3  4  5  6  7  8  9 10 11 |
---------------+----------------------------------+-----
Fighting       | 4 5 6 8 9 10 | 10.5
Shields        | 4 5 6 7 |  7.0
Axes           | 3 4 5 6 7 9 11 13 14 | 14.1
Armour         | 4 5 6 8 9 11 | 11.7
Throwing       | 1 |  1.8
Dodging        | 1 2 3 |  3.2
Stealth        | 1 2 |  2.1

Action                     |  1- 3 |  4- 6 |  7- 9 | 10-12 || total
---------------------------+-------+-------+-------+-------++-------
  Melee: War axe           |    71 |   104 |   185 |   194 ||   554
         Headbutt          |     9 |    22 |    43 |    42 ||   116
  Throw: Stone             |       |    16 |     7 |     6 ||    29
         Boomerang         |       |       |       |     3 ||     3
    Use: Scroll            |       |       |    15 |     2 ||    17
         Potion            |       |       |       |     1 ||     1
   Stab: Confused          |       |       |       |     2 ||     2
 Armour: Scale mail        |    22 |       |       |       ||    22
         Chain mail        |    12 |    51 |   114 |    63 ||   240
         Plate armour      |       |       |       |    67 ||    67
  Dodge: Dodged            |    43 |    37 |    89 |    83 ||   252
  Block: Buckler           |    19 |    21 |    54 |    44 ||   138
